 Dungeon Crawl Stone Soup version 0.18-a0-1640-g8b6524e (webtiles) character file.

42 zxpr0jk the Ruffian (level 3, -35/28 HPs)
             Began as a Minotaur Transmuter on Mar 28, 2016.
             Killed from afar by a hobgoblin (38 damage)
             ... with an exploding inner flame
             ... hexed by the player character
             ... on level 2 of the Dungeon.
             The game lasted 00:02:34 (678 turns).

zxpr0jk the Ruffian (Minotaur Transmuter)            Turns: 678, Time: 00:02:35

Health: -35/28     AC:  5    Str: 13 (14) XL:     3   Next: 33%
Magic:  3/4        EV: 10    Int:  8 (10) God:
Gold:   86         SH:  0    Dex:  8 (11) Spells: 1 memorised, 4 levels left

rFire  . . .     SeeInvis .       - Unarmed
rCold  . . .     Gourm    .     e - +0 ring mail
rNeg   . . .     Faith    .     (no shield)
rPois  .         Spirit   .     (helmet restricted)
rElec  .         Dismiss  .     (no cloak)
rCorr  .         Reflect  .     (no gloves)
SustAt .         Harm     .     (boots currently unavailable)
MR     .....                    (no amulet)
Stlth  ..........               (no ring)
                                (no ring)

@: lethally poisoned (-35 -> -43), appendage, very slightly contaminated,
hasted, very quick, not resistant to hostile enchantments, extremely unstealthy
A: retaliatory headbutt, horns 2, talons 3
a: End Transformation


You were on level 2 of the Dungeon.
You were not hungry.
You had grown temporary talons.
You visited 1 branch of the dungeon, and saw 2 of its levels.

You collected 86 gold pieces.

Inventory:

Missiles
 a - 12 arrows
Armour
 e - a +0 ring mail (worn)
Scrolls
 b - a scroll of identify
Books
 c - a book of Changes

   Spells                             Type                      Level
   a - Beastly Appendage              Transmutation                1
   b - Sticks to Snakes               Transmutation                2
   c - Spider Form                    Transmutation/Poison         3
   d - Ice Form                       Ice/Transmutation            4
   e - Blade Hands                    Transmutation                5
Comestibles
 d - 2 bread rations
 f - 2 fruits


   Skills:
 - Level 1.2 Fighting
 - Level 2.1 Dodging
 - Level 3.2 Unarmed Combat
 + Level 1.8 Spellcasting
 * Level 2.7 Transmutations


You had 4 spell levels left.
You knew the following spells:

 Your Spells              Type           Power        Failure   Level  Hunger
a - Beastly Appendage     Trmt           #.....       28%         1    ##.....


Dungeon Overview and Level Annotations

Branches:
Dungeon (2/15)

Altars:


Innate Abilities, Weirdness & Mutations

You reflexively headbutt those who attack you in melee.
You have a pair of horns on your head.
You have claws for feet.


Message History

You claw the hobgoblin, but do no damage.
The gnoll hits you but does no damage. x2
The gnoll hits you from afar with a spear of venom.
* * * LOW HITPOINT WARNING * * *
You are lethally poisoned!
The rat barely misses you. You furiously retaliate!
You headbutt the rat!
The rat explodes!
The fiery explosion engulfs the hobgoblin.
The hobgoblin explodes!
The fiery explosion engulfs the gnoll.
The gnoll explodes!
The fiery explosion engulfs the gnoll.
The gnoll explodes!
The fiery explosion engulfs the gnoll.
The gnoll explodes!
The fiery explosion engulfs the hobgoblin.
The hobgoblin explodes!
The fiery explosion engulfs you!
Ouch! That really hurt!
You die...

.... #.... ..
#..##.... .
#...... .
.####..... .#
.........###.#
#...........#.#
#......<......#
.#...§§........#
.....§§@g§.....#
#...§§§§§§.....#
.:..§§§§§§.......
#....§§..###.#.#.
#........% ...#
........#># ##..
.......##.# .#
.#.#... .#


You could see a gnoll (inner flame).

Vanquished Creatures
  A gnoll (D:2)
  An ooze (D:1)
  A dart slug (D:1)
  A giant cockroach (D:1)
  A goblin (D:1)
  4 hobgoblins (D:1)
  5 kobolds (D:1)
  5 bats
  3 giant newts (D:1)
  6 rats (D:1)
28 creatures vanquished.

Notes
Turn   | Place    | Note
--------------------------------------------------------------
     0 | D:1      | zxpr0jk the Minotaur Transmuter began the quest for the Orb.
     0 | D:1      | Reached XP level 1. HP: 16/16 MP: 1/1
   124 | D:1      | Reached XP level 2. HP: 17/23 MP: 1/3
   404 | D:1      | Reached XP level 3. HP: 26/28 MP: 4/4
   678 | D:2      | Killed from afar by a hobgoblin

Vault maps used:
D:1:      tarquinn_simple_flora_water_b, minmay_close_crescents
D:2:      gammafunk_temple_overflow_wave, fedhas_altar_2, cheibriados_altar_1

Skill      XL: |  1  2 |
---------------+-------+-----
Transmutations | 2 |  2.7
Fighting       | |  1.2
Dodging        | |  2.1
Unarmed Combat | |  3.2
Spellcasting   | |  1.8

Action                   || total
-------------------------++-------
Melee: Unarmed           ||    61
 Cast: Beastly Appendage ||     2
  Use: Scroll            ||     2
       Potion            ||     2
